 Dungeon Crawl Stone Soup version 0.26.1-2-gb8aa6d0cf2 (webtiles) character file.

Game seed: 17619959676673560966

106 Brecoman the Magician (level 4, -1/30 HPs)
             Began as a Demonspawn Hedge Wizard on Mar 30, 2021.
             Was an Initiate of Qazlal.
             Slain by Grinder (5 damage)
             ... while paralysed by Grinder
             ... on level 4 of the Dungeon.
             The game lasted 00:12:09 (4416 turns).

Brecoman the Magician (Demonspawn Hedge Wizard)     Turns: 4416, Time: 00:12:10

Health: -1/30      AC:  3    Str: 10    XL:     4   Next: 55%
Magic:  0/9        EV:  2    Int: 16    God:    Qazlal [......]
Gold:   198        SH:  0    Dex: 13    Spells: 5/10 levels left

rFire    . . .     SeeInvis .   k - +2 dagger (venom)
rCold    . . .     Faith    .   (no shield)
rNeg     . . .     Spirit   .   b - +0 robe
rPois    .         Reflect  .   c - +1 hat
rElec    .         Harm     .   (no cloak)
rCorr    .         Rampage  .   (no gloves)
Will     .....                  (no boots)
Stlth    ++........             (no amulet)
HPRegen  0.10/turn              (no ring)
MPRegen  0.11/turn              (no ring)

@: paralysed
A: antennae 1
a: Renounce Religion


You were on level 4 of the Dungeon.
You worshipped Qazlal.
Qazlal was noncommittal.
You visited 1 branch of the dungeon, and saw 4 of its levels.

You collected 198 gold pieces.

Inventory:

Hand Weapons
 a - a +0 dagger
 k - a +2 dagger of venom (weapon)
Missiles
 e - 34 sling bullets
 j - 32 stones
Armour
 b - a +0 robe (worn)
 c - a +1 hat (worn)
Wands
 t - a wand of digging (3)
Scrolls
 f - a scroll of blinking
 s - a scroll of remove curse
Potions
 d - 2 potions of might
 h - 2 potions of mutation {unknown}
 l - 3 potions of heal wounds
 n - a potion of berserk rage {unknown}
 o - 2 potions of haste {unknown}
 p - a potion of degeneration {unknown}
 u - a potion of cancellation {unknown}


   Skills:
 - Level 1.9 Dodging
 - Level 2.2 Stealth
 + Level 3.8 Spellcasting
 + Level 1.7 Conjurations
 + Level 2.0 Summonings
 + Level 1.4 Translocations
 + Level 1.2 Invocations


You had 5 spell levels left.
You knew the following spells:

 Your Spells              Type           Power        Failure   Level
a - Magic Dart            Conj           32%          9%          1
b - Call Imp              Summ           9%           12%         2
c - Blink                 Tloc           N/A          14%         2

Your spell library contained the following spells:

 Spells                   Type           Power        Failure   Level
 Slow                     Hex            3%           26%         2
 Conjure Flame            Conj/Fire      5%           36%         3
 Mephitic Cloud           Conj/Pois/Air  4%           38%         3


Dungeon Overview and Level Annotations

Branches:
Dungeon (4/15)             Temple (0/1) D:4

Altars:
Qazlal
Uskayaw

Shops:
D:4 =

Annotations:
D:4 Grinder


Innate Abilities, Weirdness & Mutations

You have a pair of small antennae on your head.


Message History

Your crimson imp blinks!
Grinder gestures at you.
You suddenly lose the ability to move!
Your shadow imp disappears in a puff of smoke!
Grinder hits you!
* * * LOW HITPOINT WARNING * * *
You writhe in agony.
* * * LOW HITPOINT WARNING * * *
Grinder hits you but does no damage.
Your white imp gestures at Grinder.
The puff of frost hits Grinder.
Grinder resists.
Grinder rolls her eyes.
Grinder hits you but does no damage.
Your crimson imp closely misses Grinder.
Your white imp gestures at Grinder.
The puff of frost hits Grinder.
Grinder resists.
Grinder gestures at your white imp.
Your white imp suddenly stops moving!
Your crimson imp hits Grinder.
Grinder hits you.
You die...

# #....# .
###....# #
......# .$
#.....#
#..#.....######
#.....5.......
# #..55.......
. #.5@.....# .
#...†....##
#........##
#....#..##
...... .##
....... ##
....... .......


You could see Grinder, 2 friendly crimson imps and a friendly white imp
(summoned, paralysed).

Vanquished Creatures
  A hound skeleton (D:2)
  A shadow imp (D:4)
  2 dart slugs
  3 leopard geckos
  4 orcs
  4 bats
  5 goblins
  5 hobgoblins
  12 frilled lizards
  3 kobolds
  6 rats
46 creatures vanquished.

Vanquished Creatures (collateral kills)
  An iguana (D:3)
  An adder (D:3)
  A frilled lizard (D:4)
3 creatures vanquished.

Vanquished Creatures (others)
  6 plants (D:1)
6 creatures vanquished.

Grand Total: 55 creatures vanquished

Notes
Turn   | Place    | Note
-------+----------+-------------------------------------------
     0 | D:1      | Brecoman the Demonspawn Hedge Wizard began the quest for
                  | the Orb.
     0 | D:1      | Reached XP level 1. HP: 13/13 MP: 4/4
   605 | D:1      | Gained mutation: You have a pair of small antennae on your
                  | head. [demonic ancestry]
   605 | D:1      | Reached XP level 2. HP: 19/19 MP: 4/6
  1111 | D:1      | Learned a level 2 spell: Call Imp
  1114 | D:1      | Learned a level 2 spell: Blink
  1248 | D:1      | Reached XP level 3. HP: 18/24 MP: 1/8
  1841 | D:2      | Reached skill level 1 in Translocations
  2144 | D:2      | Found a stormy altar of Qazlal.
  2285 | D:2      | Became a worshipper of Qazlal Stormbringer
  2688 | D:3      | Found a hide-covered altar of Uskayaw.
  3513 | D:4      | Noticed Grinder
  3722 | D:4      | Reached XP level 4. HP: 30/30 MP: 6/9
  3866 | D:3      | Reached skill level 1 in Invocations
  4224 | D:4      | Found Ryttul's Jewellery Boutique.
  4237 | D:4      | Found a staircase to the Ecumenical Temple.
  4411 | D:4      | Paralysed by Grinder for 7 turns
  4416 | D:4      | Slain by Grinder

Illustrated notes

Levels and vault maps discovered:
D:1:      minmay_arrival_glassed_features, layout_loops_corners,
          minmay_lizard_king
D:2:      layout_basic, grunt_qazlal_clouds, minmay_tree_intersection
D:3:      layout_basic, eat_drink_and_be_merry_uskayaw
D:4:      layout_rooms, kiku_gazebo_garden_becter,
          nicolae_overflow_crystal_walls, minmay_temple_entry_enclosed_plants,
          serial_shops, shop, nemelex_spade_bored_becter, uniq_grinder

Skill      XL: |  1  2  3  4 |
---------------+-------------+-----
Stealth        | 2 |  2.2
Translocations | 1 |  1.4
Invocations    | 1 |  1.2
Summonings     | 2 |  2.0
Dodging        | |  1.9
Spellcasting   | |  3.8
Conjurations   | |  1.7

Action                   |  1- 3 |  4- 6 || total
-------------------------+-------+-------++-------
Melee: Dagger            |    16 |    22 ||    38
 Cast: Magic Dart        |    82 |    14 ||    96
       Call Imp          |     2 |     6 ||     8
  Use: Scroll            |       |     8 ||     8
 Stab: Sleeping          |     3 |       ||     3
Armor: Robe              |     1 |     3 ||     4
Dodge: Dodged            |    16 |    13 ||    29
